 Dungeon Crawl Stone Soup version 0.16-a0-2970-ge3807df (webtiles) character file.

90 Chiseanne the Firebug (level 4, -3/28 HPs)
             Began as an Octopode Wanderer on Dec 4, 2014.
             Slain by a goblin
             ... wielding a +0 dagger
             ... led by Robin
              (4 damage)
             ... on level 3 of the Dungeon on Dec 5, 2014.
             The game lasted 00:05:49 (2556 turns).

Chiseanne the Firebug (Octopode Wanderer)           Turns: 2556, Time: 00:05:50

Health: -3/28      AC:  1    Str: 10    XL:     4   Next: 56%
Magic:  10/10      EV: 11    Int: 16    God:
Gold:   86         SH:  0    Dex: 11    Spells: 4 memorised, 3 levels left

rFire  . . .     SeeInvis .     m - +2 short sword (drain)
rCold  . . .     Clarity  .     (no shield)
rNeg   . . .     SustAb   .     (helmet restricted)
rPois  .         Gourm    .     (no amulet)
rElec  .         Spirit   .     (no ring)
rCorr  .         Warding  .     (no ring)
rMut   .         Stasis   .     (no ring)
MR     .....                    (no ring)
Stlth  +++.......               (no ring)
                                (no ring)
                                (no ring)
                                (no ring)

@: not resistant to hostile enchantments, fairly stealthy
A: almost no armour, amphibious, 8 rings, constrict 8, camouflage 1, gelatinous
body 1
a: no special abilities


You were on level 3 of the Dungeon.
You were not hungry.

You visited 1 branch of the dungeon, and saw 3 of its levels.

You collected 86 gold pieces.

Inventory:

Hand weapons
 m - a +2 short sword of draining (weapon)
Scrolls
 c - 3 scrolls of magic mapping {unknown}
 d - a scroll of amnesia {unknown}
 e - a scroll of recharging {unknown}
 g - 6 scrolls of identify {unknown}
 i - a scroll of enchant armour {unknown}
 k - a scroll of random uselessness {unknown}
 l - 2 scrolls of teleportation {unknown}
 n - a scroll of immolation {unknown}
Potions
 h - a potion of agility {unknown}
 j - a potion of brilliance {unknown}
Books
 a - a book of Minor Magic

   Spells                             Type                      Level
   a - Magic Dart                     Conjuration                  1
   b - Blink                          Translocation                2
   c - Call Imp                       Summoning                    2
   d - Repel Missiles                 Charms/Air                   2
   e - Slow                           Hexes                        2
   f - Conjure Flame                  Conjuration/Fire             3
   g - Mephitic Cloud                 Conjuration/Poison/Air       3
 b - Greff's Grimoire of the Birds

   Spells                             Type                      Level
   a - Shock                          Conjuration/Air              1
   b - Flight                         Charms/Air                   3
Comestibles
 f - 2 bread rations


   Skills:
 * Level 1.1 Fighting
 * Level 1.0 Dodging
 - Level 2.6 Stealth
 * Level 3.6 Spellcasting
 * Level 1.1 Conjurations
 - Level 4.0 Fire Magic
   Level 1.0 Earth Magic
   Level 1.2 Poison Magic


You had 3 spell levels left.
You knew the following spells:

 Your Spells              Type           Power        Failure   Level  Hunger
a - Magic Dart            Conj           #...         12%         1    None
b - Shock                 Conj/Air       #...         17%         1    None
c - Conjure Flame         Conj/Fire      ##......     21%         3    ###....
d - Blink                 Tloc           N/A          30%         2    ##.....


Dungeon Overview and Level Annotations

Branches:
Dungeon (3/15)

Altars:

Annotations:
D:3 Robin


Innate Abilities, Weirdness & Mutations

You cannot wear most types of armour.
You are amphibious.
You can wear up to eight rings at the same time.
You can use your tentacles to constrict many enemies at once.
Your skin changes colour to match your surroundings (Stealth).
Your rubbery body absorbs attacks (AC +1).


Message History

The goblin hits you.
A goblin comes into view.
You hit the goblin. You grab the goblin.
The goblin is severely wounded.
You constrict the goblin. The goblin closely misses you.
The goblin hits you with a dagger. The goblin misses you.
You hit the goblin but do no damage.
The goblin is almost dead.
You constrict the goblin.
You kill the goblin!
The goblin hits you. The goblin hits you with a dagger.
Robin throws the goblin at you!
You hit the goblin.
You kill the goblin!
The goblin barely misses you. The goblin hits you with a dagger.
* * * LOW HITPOINT WARNING * * *
Robin throws the goblin at you!
* * * LOW HITPOINT WARNING * * *
The goblin hits you with a dagger.
You die...

###################
#..................
#.#################
#g.# ##@# #g# #g.#
##gg# #g.# #gg# #.#
# .# #


You could see Robin, 2 hobgoblins and 5 goblins.

Vanquished Creatures
  Ijyb (D:2)
  An adder (D:2)
  2 giant geckos (D:1)
  2 oozes (D:1)
  6 hobgoblins
  8 jackals (D:1)
  5 kobolds
  2 ball pythons (D:1)
  7 bats
  A giant cockroach (D:2)
  2 giant newts
  11 goblins
  7 rats
55 creatures vanquished.

Notes
Turn   | Place    | Note
--------------------------------------------------------------
     0 | D:1      | Chiseanne, the Octopode Wanderer, began the quest for the Orb.
     0 | D:1      | Chiseanne set off with: a book of Minor Magic, Greff's Grimoire of the Birds, a potion of curing, a +0 dagger, a bread ration
     0 | D:1      | Reached XP level 1. HP: 11/11 MP: 3/3
     0 | D:1      | Identified Greff's Grimoire of the Birds
     2 | D:1      | Learned a level 1 spell: Magic Dart
     9 | D:1      | Learned a level 1 spell: Shock
   134 | D:1      | Reached XP level 2. HP: 6/17 MP: 5/5
  1013 | D:1      | Reached XP level 3. HP: 21/21 MP: 3/7
  1018 | D:1      | Learned a level 3 spell: Conjure Flame
  1021 | D:1      | Learned a level 2 spell: Blink
  1639 | D:2      | Reached skill level 1 in Conjurations
  1759 | D:2      | Noticed Ijyb
  1765 | D:2      | Killed Ijyb
  1765 | D:2      | Reached skill level 1 in Fighting
  1765 | D:2      | Reached XP level 4. HP: 21/28 MP: 6/9
  2152 | D:2      | Reached skill level 1 in Dodging
  2548 | D:3      | Noticed Robin
  2556 | D:3      | HP: 1/28 [Robin/goblin (3)]
  2556 | D:3      | Slain by a goblin

Action                   |  1- 3 |  4- 6 || total
-------------------------+-------+-------++-------
Melee: Dagger            |    30 |       ||    30
       Short sword       |    28 |     8 ||    36
 Cast: Magic Dart        |    47 |    24 ||    71
  Use: Potion            |     1 |       ||     1
 Stab: Sleeping          |     4 |     1 ||     5
  Eat: Chunk             |     2 |     3 ||     5
